 Dungeon Crawl Stone Soup version 0.30.1-11-g7821555f0a (webtiles) character file.

Game seed: 10686830780789914350

95482 Martska the Warrior (level 16, -5/170 HPs)
             Began as an Ogre Monk on Dec 14, 2023.
             Was the Champion of Qazlal.
             Slain by a stone giant (30 damage)
             ... on level 1 of the Depths.
             The game lasted 00:47:36 (23823 turns).

Martska the Warrior (Ogre Monk)                    Turns: 23823, Time: 00:47:37

Health: -5/170     AC: 16    Str: 28    XL:     16   Next: 14%
Magic:  25/25      EV: 16    Int: 11    God:    Qazlal [******]
Gold:   3100       SH: 32    Dex: 11    Spells: 19/27 levels left

rFire   + . .        l - +9 whip "Acrerae" {heavy, SInv}
rCold   . . .        P - +8 tower shield of Fortification {*Slow rF+ Str+3}
rNeg    . . .        Q - +3 troll leather armour
rPois   .            (helmet restricted)
rElec   .            t - +0 cloak
rCorr   .            (gloves unavailable)
SInv    +            (boots unavailable)
Will    +....        (no amulet)
Stlth   +            z - +5 ring of evasion
HPRegen 1.28/turn    a - +4 ring of protection
MPRegen 0.19/turn

%: slow self (1%), repel missiles
@: protected from physical damage
A: large, unfitting armour, tough skin 1, frail 1
a: Renounce Religion, Upheaval, Elemental Force, Disaster Area


You were on level 1 of the Depths.
You worshipped Qazlal.
Qazlal was exalted by your worship.
You visited 4 branches of the dungeon, and saw 22 of its levels.

You collected 3100 gold pieces.

Inventory:

Hand Weapons
 h - a +2 flail of pain
 l - the +9 whip "Acrerae" (weapon) {heavy, SInv}
   (You found it on level 2 of the Dungeon)

   SInv:      It lets you see invisible.
 B - a +2 spear of venom
 E - a +0 giant spiked club
 G - a +3 vampiric spear
 U - the +7 great mace "Undeadhunter" {deathbane, rN+}
   (You found it on level 5 of the Lair of Beasts)

   rN:        It protects you from negative energy.
Missiles
 o - a throwing net (quivered)
Armour
 d - an orb of light
 t - a +0 cloak (worn)
 v - a +1 robe of cold resistance
 x - +0 acid dragon scales
 O - a +0 tower shield
 P - the +8 tower shield of Fortification (worn) {*Slow rF+ Str+3}
   (You found it on level 11 of the Dungeon)

   Str:       It affects your strength (+3).
   rF:        It protects you from fire.
   *Slow:     It may slow you when you take damage.
 Q - a +3 troll leather armour (worn)
Jewellery
 a - a +4 ring of protection (right hand)
 z - a +5 ring of evasion (left hand)
 D - a ring of wizardry
 S - a ring of flight
 X - a ring of see invisible
Wands
 g - a wand of digging (19)
 i - a wand of flame (21)
 y - a wand of light (11)
 C - a wand of iceblast (23)
 H - a wand of polymorph (26)
 L - a wand of charming (21)
 Y - a wand of mindburst (7)
Scrolls
 e - 5 scrolls of enchant weapon
 m - 4 scrolls of fog
 p - 7 scrolls of amnesia
 r - 7 scrolls of teleportation
 s - 3 scrolls of blinking
 A - 7 scrolls of magic mapping
 I - a scroll of silence
 J - 3 scrolls of fear
 T - 3 scrolls of butterflies
 W - 2 scrolls of identify
Potions
 b - 6 potions of brilliance
 c - 3 potions of haste
 f - 5 potions of mutation
 k - 3 potions of heal wounds
 n - 7 potions of flight
 q - 5 potions of lignification
 w - 4 potions of resistance
 F - 2 potions of might
 K - 5 potions of curing
 M - a potion of invisibility
 R - a potion of berserk rage {unknown}
 Z - 2 potions of magic {unknown}


   Skills:
 * Level 19.0 Fighting
 - Level 13.6 Maces & Flails
 - Level 3.3 Armour
 - Level 10.1 Dodging
 + Level 12.3 Shields
 * Level 6.1 Spellcasting
 - Level 5.0 Translocations
 - Level 9.0 Invocations


You had 19 spell levels left.
You knew the following spells:

 Your Spells              Type           Power      Damage    Failure   Level
a - Blink                 Tloc           28%        N/A       11%         2
b - Statue Form           Tmut/Erth      2%         N/A       100%        6

Your spell library contained the following spells:

 Spells                   Type           Power      Damage    Failure   Level
 Apportation              Tloc           28%        N/A       7%          1
 Lesser Beckoning         Tloc           28%        N/A       11%         2
 Momentum Strike          Conj/Tloc      16%        3d8       30%         2
 Foxfire                  Conj/Fire      12%        2x1d4     50%         1
 Necrotise                Necr           12%        1d4       50%         1
 Sandblast                Erth           6%         2d5       50%         1
 Summon Small Mammal      Summ           12%        N/A       50%         1
 Vhi's Electric Charge    Tloc/Air       16%        N/A       52%         3
 Manifold Assault         Tloc           14%        N/A       56%         4
 Passwall                 Tmut/Erth      2%         N/A       63%         2
 Poisonous Vapours        Pois/Air       6%         N/A       63%         2
 Frozen Ramparts          Ice            6%         1d1       86%         3
 Mephitic Cloud           Conj/Pois/Air  3%         N/A       86%         3
 Stone Arrow              Conj/Erth      6%         3d7       86%         3
 Vampiric Draining        Necr           3%         2d6       86%         3
 Animate Armour           Summ/Erth      6%         N/A       99%         4
 Ice Form                 Ice/Tmut       3%         N/A       99%         4
 Leda's Liquefaction      Hex/Erth       1%         N/A       99%         4
 Summon Ice Beast         Ice/Summ       3%         N/A       99%         4
 Summon Lightning Spire   Summ/Air       3%         N/A       99%         4
 Agony                    Necr           3%         N/A       100%        5
 Blade Hands              Tmut           1%         N/A       100%        5
 Fireball                 Conj/Fire      1%         3d3       100%        5
 Freezing Cloud           Conj/Ice/Air   1%         6-21      100%        5
 Iskenderun's Battlesphe  Conj           3%         2d6       100%        5
 Lee's Rapid Deconstruct  Erth           1%         3d4*      100%        5
 Conjure Ball Lightning   Conj/Air       1%         3x3d6     100%        6
 Iron Shot                Conj/Erth      1%         9d1       100%        6
 Orb of Destruction       Conj           1%         9d5       100%        7
 Storm Form               Tmut/Air       1%         N/A       100%        7
 Borgnjor's Revivificati  Necr           1%         N/A       100%        8
 Lehudib's Crystal Spear  Conj/Erth      1%         10d2      100%        8
 Necromutation            Tmut/Necr      1%         N/A       100%        8
 Chain Lightning          Conj/Air       1%         3d2       100%        9
 Death's Door             Necr           1%         N/A       100%        9
 Fire Storm               Conj/Fire      1%         8d1       100%        9
 Shatter                  Erth           1%         3d6*      100%        9


Dungeon Overview and Level Annotations

Branches:
Dungeon (15/15)            Temple (1/1) D:7            Lair (5/5) D:8
 Shoals (0/4) Lair:2        Snake (0/4) Lair:3        Slime (0/5) Lair:4
    Orc (0/2) D:10         Vaults (0/5) D:13         Depths (1/4) D:15

Altars:
Ashenzari
Cheibriados
Dithmenos
Elyvilon
Fedhas
Gozag
Hepliaklqana
Kikubaaqudgha
Makhleb
Nemelex Xobeh
Okawaru
Qazlal
Ru
Sif Muna
Trog
Uskayaw
Vehumet
Wu Jian
Xom
Yredelemnul
Zin
The Shining One
Jiyva
Lugonu

Portals:
Abyss: Lair:5

Annotations:
D:3 3 runed translucent doors, ripuliukko's ghost, amateur GrEE
Lair:4 exclusion: 2 oklob plants


Innate Abilities, Weirdness & Mutations

You are too large for most types of armour.
You have tough skin. (AC +1)
You are frail. (-10% HP)


Message History

The deep troll shaman barely misses you. x2
The deep troll shaman bites you!
* * * LOW HITPOINT WARNING * * *
The deep troll shaman barely misses you. x2
You feel much better.
You feel less invigorated.
You feel less confused.
You block the deep troll shaman's attack. x4
The deep troll shaman closely misses you.
The deep troll shaman misses you.
You whack the deep troll shaman!
The deep troll shaman is moderately wounded.
The deep troll shaman closely misses you.
You block the deep troll shaman's attack.
The deep troll shaman barely misses you.
You completely miss the deep troll shaman.
The deep troll shaman is moderately wounded.
You block the deep troll shaman's attack. x3
The deep troll shaman barely misses you.
You block the deep troll shaman's attack.
The deep troll shaman claws you!
You thrash the deep troll shaman!!
The deep troll shaman is severely wounded.
You block the deep troll shaman's attack. x2
The deep troll shaman claws you.
You feel more protected from physical attacks.
You whack the deep troll shaman!
You kill the deep troll shaman!
Qazlal accepts your kill.
Your Fighting skill increases to level 19!
You whack the stone giant!
The stone giant is lightly wounded.
You block the stone giant's attack.
You thrash the stone giant!!
The stone giant is moderately wounded.
The stone giant hits you!!!
* * * LOW HITPOINT WARNING * * *
You thrash the stone giant!!
The stone giant is severely wounded.
The stone giant hits you!!
You die...

#.......# #.......# #[)†....+
≈...§§.≈ #.......# ≈≈≈...≈≈
#.......# ≈≈...≈ ###'##### #...#
#.# #...## ####.####### #.C.##
######.........@#######.#[.#####
##...##.......☼..CTCT......[.....
#..#..#..#....○§.###########.....
#.###...###......# #####
#..#..#..#.......#
##.(.##..........#
##.###..........#
##...#...........#
#.^#.....#.......#


You could see a stone giant, an ettin and 2 deep trolls.

Vanquished Creatures
  Rupert (D:15)
  A lich (Depths:1)
  A sphinx (Depths:1)
  Kirke (Lair:5)
  A fire giant (Depths:1)
  A stone giant (D:15)
  Josephine (D:10)
  The ghost of Ymnaqen the Grappler, a journeyman TrGl of Okawaru (D:14)
  6 centaur warriors
  2 hydras
  2 vault guards (D:13)
  3 two-headed ogres
  5 boulder beetles
  4 deep troll shamans (Depths:1)
  8 death yaks
  2 deep troll earth magi (Depths:1)
  A deep elf knight (D:14)
  3 thrashing horrors (Lair:5)
  Lodul (D:10)
  4 deep trolls (Depths:1)
  A skyshark (Lair:5)
  A lindwurm (Lair:1)
  2 necromancers (D:13)
  5 wizards
  5 deep elf pyromancers
  A deep elf zephyrmancer (D:11)
  23 ugly things
  7 cyclopes
  3 elephants
  3 manticores
  Joseph (Lair:1)
  A merfolk siren (Lair:2)
  A smoke demon (Lair:5)
  3 black mambas
  A water nymph (shapeshifter) (Lair:5)
  2 torpor snails
  6 cane toads
  3 rime drakes
  Maggie (D:6)
  11 komodo dragons
  3 efreet
  3 unseen horrors
  A tengu conjurer (D:13)
  An ancient zyme (Lair:5)
  3 merfolk (Lair:2)
  3 polar bears
  Grinder (D:6)
  3 trolls
  13 blink frogs
  Prince Ribbit (D:6)
  A large abomination (Lair:5)
  4 shadows
  2 spriggans (Lair:5)
  A slime creature (D:7)
  2 ynoxinuls (Lair:5)
  7 wraiths
  4 wyverns
  42 yaks
  3 hogs (Lair:5)
  Eustachio (D:6)
  19 humans (D:13)
  2 steam dragons
  9 vampire mosquitoes
  9 basilisks
  3 chaos spawn (Lair:5)
  Menkaure (D:6)
  2 acid dragons
  5 nagas (Lair:3)
  19 water moccasins
  Duvessa (D:5)
  A black bear (Lair:2)
  4 orc warriors
  2 sky beasts (D:7)
  4 ice beasts
  9 ogres
  17 wolves
  28 centaurs
  A phantom (D:5)
  2 kobold brigands (D:9)
  An elf zombie (D:7)
  An elf skeleton (D:7)
  A gnoll sergeant (D:7)
  25 bullfrogs
  4 scorpions
  A two-headed ogre simulacrum (D:11)
  12 wights
  Dowan (D:5)
  10 small abominations (Lair:5)
  16 killer bees
  3 electric eels
  3 howler monkeys
  3 orc priests
  A jelly (D:6)
  Crazy Yiuf (D:3)
  A gnoll bouda (D:7)
  3 hounds
  2 human skeletons (D:7)
  9 iguanas
  11 orc wizards
  2 spriggan simulacra (D:11)
  4 adders
  6 gnolls
  A naga simulacrum (D:11)
  2 shadow imps
  A white imp (D:6)
  3 worms
  2 dart slugs
  33 orcs
  5 ball pythons
  6 endoplasms
  4 giant cockroaches
  4 goblins
  7 hobgoblins
  4 jackals (D:3)
  6 quokkas
  2 bats
  3 frilled lizards
  16 kobolds
  2 orc zombies (D:7)
  6 rats
595 creatures vanquished.

Vanquished Creatures (others)
  A human (D:6)
  A jelly (D:7)
2 creatures vanquished.

Grand Total: 597 creatures vanquished

Notes
Turn   | Place    | Note
-------+----------+-------------------------------------------
     0 | D:1      | Martska the Ogre Monk began the quest for the Orb.
     0 | D:1      | Reached XP level 1. HP: 24/24 MP: 1/1
   206 | D:1      | Reached XP level 2. HP: 21/33 MP: 2/2
   493 | D:1      | Found a faded altar of an unknown god.
   560 | D:1      | You fall into a shaft and drop 1 floor!
   588 | D:2      | Reached XP level 3. HP: 40/40 MP: 3/3
   618 | D:2      | Identified the +9 whip "Acrerae" {heavy, SInv}
   820 | D:2      | Found a hazy altar of Hepliaklqana.
  1613 | D:3      | Reached XP level 4. HP: 46/49 MP: 4/4
  1655 | D:3      | Reached skill level 5 in Fighting
  1925 | D:3      | Found a runed translucent door.
  1926 | D:3      | Noticed Crazy Yiuf
  2037 | D:3      | Found a runed translucent gate.
  2038 | D:3      | Found a runed translucent gate.
  2039 | D:3      | Found a runed translucent gate.
  2040 | D:3      | Noticed ripuliukko's ghost (amateur GrEE)
  2452 | D:3      | Killed Crazy Yiuf
  2814 | D:4      | Reached XP level 5. HP: 57/57 MP: 5/5
  2926 | D:4      | Reached XP level 6. HP: 56/67 MP: 6/6
  3040 | D:4      | Reached skill level 6 in Fighting
  3161 | D:4      | Found a bloodstained altar of Trog.
  3281 | D:5      | Entered Level 5 of the Dungeon
  3281 | D:5      | Noticed Duvessa
  3281 | D:5      | Noticed Dowan
  3342 | D:5      | Noticed an ice beast
  3359 | D:5      | Reached XP level 7. HP: 53/76 MP: 7/7
  3367 | D:5      | Reached skill level 7 in Fighting
  3372 | D:5      | Killed Duvessa
  3373 | D:5      | Reached skill level 5 in Maces & Flails
  3373 | D:5      | Reached skill level 5 in Dodging
  3997 | D:5      | Killed Dowan
  4121 | D:6      | Noticed Prince Ribbit
  4128 | D:6      | Killed Prince Ribbit
  4129 | D:6      | Reached skill level 8 in Fighting
  4129 | D:6      | Reached XP level 8. HP: 55/88 MP: 8/8
  4482 | D:6      | Noticed Grinder
  4487 | D:6      | Paralysed by Grinder for 4 turns
  4496 | D:6      | Killed Grinder
  4710 | D:6      | Noticed Menkaure
  4716 | D:6      | Killed Menkaure
  4717 | D:6      | Reached skill level 9 in Fighting
  4924 | D:6      | Noticed Maggie
  4935 | D:6      | HP: 2/92 [Maggie/+3 glaive of flaming (7)]
  4938 | D:6      | Killed Maggie
  4939 | D:6      | Reached XP level 9. HP: 2/101 MP: 9/9
  5442 | D:6      | Noticed Eustachio
  5448 | D:6      | Killed Eustachio
  5468 | D:6      | Found an ancient bone altar of Kikubaaqudgha.
  5711 | D:7      | Reached skill level 10 in Fighting
  6267 | D:7      | Noticed a cyclops
  6276 | D:7      | Killed a cyclops
  6277 | D:7      | Reached skill level 11 in Fighting
  6277 | D:7      | Reached XP level 10. HP: 104/114 MP: 10/10
  7185 | D:7      | Found a staircase to the Ecumenical Temple.
  7842 | Temple   | Entered the Ecumenical Temple
  8147 | Temple   | Became a worshipper of Qazlal Stormbringer
  8147 | Temple   | Reached * piety under Qazlal
  8147 | Temple   | Reached ** piety under Qazlal
  8355 | D:8      | Found a staircase to the Lair.
  8382 | D:8      | Reached skill level 12 in Fighting
  8382 | D:8      | Reached skill level 1 in Invocations
  9768 | D:8      | Reached XP level 11. HP: 100/120 MP: 11/13
 10422 | D:9      | Reached *** piety under Qazlal
 10675 | D:9      | Reached skill level 1 in Armour
 11281 | D:10     | Entered Level 10 of the Dungeon
 11294 | D:10     | Noticed a two-headed ogre
 11301 | D:10     | Killed a two-headed ogre
 11427 | D:10     | Reached skill level 13 in Fighting
 11441 | D:10     | Noticed Lodul
 11766 | D:10     | Found a staircase to the Orcish Mines.
 12015 | D:10     | Noticed Josephine
 12033 | D:10     | Killed Josephine
 12042 | D:10     | Reached **** piety under Qazlal
 12043 | D:10     | Reached skill level 10 in Maces & Flails
 12470 | D:10     | Killed Lodul
 12762 | D:11     | Noticed a deep elf zephyrmancer
 12766 | D:11     | Noticed a wizard
 12770 | D:11     | Noticed a wizard
 12782 | D:11     | Killed a deep elf zephyrmancer
 12791 | D:11     | Killed a wizard
 12792 | D:11     | Reached XP level 12. HP: 93/137 MP: 15/15
 12794 | D:11     | Reached skill level 14 in Fighting
 12801 | D:11     | Reached skill level 5 in Invocations
 12820 | D:11     | Reached skill level 10 in Dodging
 13040 | D:11     | Got the Elucidation of Axaxaxas mlö
 13366 | D:11     | Found a frozen archway.
 14039 | D:11     | Identified the +8 tower shield of Fortification {*Slow rF+
                  | Str+3}
 14082 | D:11     | Got Bomopryq's Catalogue of Sand
 14243 | D:12     | Noticed a centaur warrior
 14309 | D:12     | Killed a centaur warrior
 14310 | D:12     | Reached skill level 1 in Shields
 14396 | D:12     | Reached ***** piety under Qazlal
 14466 | D:11     | Reached skill level 15 in Fighting
 14472 | D:11     | Identified a scroll of acquirement
 14529 | D:11     | Acquired 506 gold pieces
 14859 | Lair:1   | Entered Level 1 of the Lair of Beasts
 15117 | Lair:1   | Noticed Joseph
 15122 | Lair:1   | Killed Joseph
 15132 | Lair:1   | Reached skill level 5 in Shields
 15193 | Lair:1   | Reached XP level 13. HP: 133/150 MP: 17/17
 16178 | Lair:2   | Reached skill level 16 in Fighting
 16184 | Lair:2   | Found a staircase to the Shoals.
 16827 | Lair:3   | Found a staircase to the Snake Pit.
 17641 | Lair:4   | Reached ****** piety under Qazlal
 17670 | Lair:4   | Found a viscous altar of Jiyva.
 17779 | Lair:4   | Found a staircase to the Slime Pits.
 18284 | Lair:5   | Entered Level 5 of the Lair of Beasts
 18313 | Lair:4   | Reached XP level 14. HP: 94/163 MP: 19/19
 18736 | Lair:5   | Reached skill level 10 in Shields
 18769 | Lair:5   | Noticed Kirke
 18781 | Lair:5   | Killed Kirke
 18782 | Lair:5   | Reached skill level 17 in Fighting
 18927 | Lair:5   | Gained mutation: You are frail. (-10% HP) [a shining eye]
 19334 | Lair:5   | Found a corrupted altar of Lugonu.
 19334 | Lair:5   | Found a one-way gate to the infinite horrors of the Abyss.
 19334 | Lair:5   | Found the +7 great mace "Undeadhunter" {deathbane, rN+}
 20153 | D:11     | Learned a level 2 spell: Blink
 20160 | D:11     | Learned a level 6 spell: Statue Form
 20227 | D:12     | Reached skill level 1 in Translocations
 20702 | D:12     | Identified the +5 scale mail of Yredelemnul's Hope {Harm
                  | Regen+ Int-5 SInv}
 20848 | D:13     | Reached XP level 15. HP: 154/156 MP: 21/21
 21448 | D:13     | Identified the +8 dagger "Engoutz" {drain, rElec rF+ rC+
                  | Stlth-}
 21464 | D:13     | Found a gate to the Vaults.
 21717 | D:14     | Reached skill level 18 in Fighting
 21791 | D:14     | Reached skill level 5 in Translocations
 21865 | D:14     | Found a runed translucent door.
 21865 | D:14     | Noticed Ymnaqen's ghost (journeyman TrGl)
 21900 | D:14     | Reached skill level 1 in Spellcasting
 22586 | D:14     | Killed Ymnaqen's ghost
 22628 | D:15     | Entered Level 15 of the Dungeon
 22786 | D:15     | Found a staircase to the Depths.
 23090 | D:15     | Noticed Rupert
 23117 | D:15     | Killed Rupert
 23543 | Depths:1 | Entered Level 1 of the Depths
 23564 | Depths:1 | Noticed a lich
 23570 | Depths:1 | Killed a lich
 23589 | Depths:1 | Acquired 816 gold pieces
 23629 | Depths:1 | Reached skill level 5 in Spellcasting
 23633 | Depths:1 | Reached XP level 16. HP: 120/169 MP: 23/23
 23693 | Depths:1 | Noticed a sphinx
 23702 | Depths:1 | Killed a sphinx
 23821 | Depths:1 | Reached skill level 19 in Fighting
 23823 | Depths:1 | Slain by a stone giant

Illustrated notes

Levels and vault maps discovered:
D:1:      wander_arrival_estate, layout_loops_ring,
          dilly_ecumenical_altar_fadedgnrine
D:2:      layout_rooms, basic_altar, nicolae_eternal_life,
          minmay_splitting_lines, minmay_misc_feat_tower
D:3:      layout_loops_corners, gammafunk_ghost_split, uniq_crazy_yiuf_cottage
D:4:      layout_rooms, trog_book, minmay_crystal_water
D:5:      layout_basic, serial_glass, glass_columns_a, glass_columns_a,
          glass_columns_a, glass_columns_a, glass_columns_a, glass_columns_a,
          uniq_duvessa
D:6:      layout_loops_cross, tgw_kikubaaqudgha, uniq_maggie, uniq_grinder,
          uniq_prince_ribbit1, uniq_eustachio, uniq_menkaure
D:7:      nzn_winding_woodlands_small [nzn_winding_woodlands_5x15_eye,
          nzn_winding_woodlands_center_lodge,
          nzn_winding_woodlands_5x15_river_crossing], layout_basic,
          minmay_temple_entry_fiery, serial_co_window_serial,
          co_window_corner_a, co_window_corner_a, co_window_paths_a,
          co_window_of_opportunity_a, co_window_paths_a, co_window_corner_a,
          co_window_paths_a, co_window_unsneaky_path_a, co_window_corner_ca,
          co_window_paths_c, co_window_of_opportunity_b, co_window_2corner,
          co_window_paths_d, glass_columns_c, glass_columns_a, glass_columns_a,
          glass_columns_c, glass_columns_b, nicolae_ossuary_entry_catacombs
D:8:      layout_basic, minmay_lair_entry_grove
D:9:      layout_irregular_city, nicolae_elevator_lobby_plus
D:10:     layout_rooms, orc_0_dummy, dk_vineyard_1, corexii_corridor_pit,
          uniq_josephine, uniq_lodul
D:11:     layout_roguey, portal_ice_cave_entry_ice_simulacra, roderic_lattice_a,
          st_stairs_10, bh_hangedman_babel_library
D:12:     layout_small_grid
D:13:     layout_big_octagon, grunt_vaults_entry_tiered
D:14:     layout_loops_cross, ebering_ghost_inner_flame,
          grunt_decor_mini_mirrors
D:15:     grunt_enter_depths_giant_problem, layout_loops_ring, drop_trap,
          uniq_rupert
Temple:   mainiacjoe_temple_cubbyholes
Lair:1:   layout_regular_city, nicolae_volcano_entry_vermiform,
          beast_lair_carwin_1, grunt_megastairs_2, serial_bayou_shore_a,
          uniq_joseph
Lair:2:   layout_regular_city, elwin_shoals_entry_stream, beast_lair_carwin_8
Lair:3:   layout_chaotic_city, minmay_snake_entry_guardpost_medium
Lair:4:   layout_misc_corridors, minmay_slime_entry_oklob_open,
          grunt_megastairs_3
Lair:5:   hellmonk_lair_end_abyssal_woods, layout_misc_corridors,
          chequers_serial_rivers_large_a, columned_hall_lemuel,
          serial_bayou_shore_b, uniq_kirke
Depths:1: layout_roguey, abyss_entry, nicolae_hell_entry_big_baal_hell,
          minmay_strange_pillars, kennysheep_crisscross, guppyfry_shop_blood

Skill      XL: |  1  2  3  4  5  6  7  8  9 10 11 12 13 14 15 16 |
---------------+-------------------------------------------------+-----
Maces & Flails | 3 4 5 6 7 9 10 11 12 13 | 13.6
Dodging        | 3 4 5 6 7 9 10 | 10.1
Fighting       | 5 6 8 9 11 12 13 15 16 17 18 19 | 19.0
Invocations    | 2 4 5 6 8 9 |  9.0
Armour         | 2 3 |  3.3
Shields        | 5 9 11 12 | 12.3
Translocations | 2 5 |  5.0
Spellcasting   | 5 6 |  6.1

Action                     |  1- 3 |  4- 6 |  7- 9 | 10-12 | 13-15 | 16-18 || total
---------------------------+-------+-------+-------+-------+-------+-------++-------
  Melee: Mace              |    20 |       |       |       |       |       ||    20
         Flail             |    13 |       |       |       |       |       ||    13
         Whip              |    30 |    65 |   161 |   560 |  1081 |    46 ||  1943
         Unarmed           |       |       |       |       |     5 |       ||     5
    Use: Potion            |       |     2 |     2 |     1 |     5 |     2 ||    12
         Scroll            |       |       |     6 |    11 |    12 |       ||    29
 Armour: Robe              |    13 |    25 |    32 |       |       |       ||    70
         Acid dragon scale |       |       |    29 |   168 |       |       ||   197
         Troll leather arm |       |       |       |     2 |   146 |    19 ||   167
  Dodge: Dodged            |    27 |    62 |    81 |   387 |   324 |    30 ||   911
         Repelled          |       |       |       |     5 |     4 |       ||     9
  Block: Orb               |       |       |       |    85 |       |       ||    85
         Tower shield      |       |       |       |   132 |  1506 |    95 ||  1733
         Other             |       |       |       |       |     2 |       ||     2
